[Event "*** Titled Tuesday Blitz"]
[Site "Chess.com"]
[Date "2020.11.24"]
[Round "6"]
[White "Agoking701"]
[Black "Ranindu2003"]
[Result "0-1"]
[WhiteElo "2345"]
[BlackElo "2550"]
[TimeControl "180+1"]
[EndTime "11:23:21 PST"]
[Termination "Ranindu2003 won on time"]

1. e4 g6 2. d4 Bg7 3. Nf3 d6 4. Nc3 a6 5. a4 b6 6. Be2 Bb7 7. O-O h6 8. Be3 e6 9. Qd2 Nd7 10. Rad1 Ne7 11. Ne1 Nf6 12. Bd3 c5 13. f4 Ng4 14.
dxc5 dxc5 15. e5 Qc7 16. Ne4 Nf5 17. Nd6+ Nxd6 18. exd6 Qc6 19. d7+ Ke7 20. Nf3 Rhd8 21.
Kh1 Rxd7 22. Bg1 Rad8 23. Qe2 Kf8 24. h3 h5 25. hxg4 hxg4 26. Ne5 Bxe5 27. fxe5 c4 28. Rf2 cxd3 29. cxd3 g3 30. Rf3 Kg7 31. Rxg3 Rh8+ 32. Bh2 Rd4 33. Qf2 Rdh4 34. Qf6+ Kg8 35. Qd8+ Kg7 36.
Qf6+ Kf8 37. Qd8+ Qe8 38. Qd6+ Kg7 39. Kg1 Rxh2 40. Kf2 R2h5 41. Qc7 Rf5+ 42. Ke3 Qc8 43.
Rc1 Qxc7 44. Rxc7 Bd5 45. d4 Rh1 46. Ke2 Rb1 47. Rc2 Rf4 48. Rd2 Bc4+ 49. Ke3 Rf5 50. Rf3 Re1+ 51. Kf2 Rf1+ 0-1

[Event "*** Titled Tuesday Blitz"]
[Site "Chess.com"]
[Date "2020.11.24"]
[Round "6"]
[White "Kopytkin"]
[Black "pavelalexandru07"]
[Result "1/2-1/2"]
[WhiteElo "2429"]
[BlackElo "2304"]
[TimeControl "180+1"]
[EndTime "11:23:22 PST"]
[Termination "Game drawn by repetition"]

1. e4 c5 2. d4 cxd4 3. c3 Nf6 4.
e5 Nd5 5. g3 d6 6. exd6 Qxd6 7.
Bg2 Nc6 8. Ne2 Bg4 9. O-O e6 10. f3 Bf5 11. Nxd4 Nxd4 12. cxd4 Be7 13. Nc3 O-O 14. Ne4 Qb6 15. Kh1 Rfd8 16. Rf2 Rac8 17.
Bf1 Nf6 18. Be3 Nxe4 19. fxe4 Bxe4+ 20. Kg1 Bf6 21. Rxf6 gxf6 22. h4 Kf8 23. Rc1 Ke7 24.
Rc3 Qxb2 25. Rxc8 Rxc8 26. g4 Bd5 27. g5 f5 28. Qe1 Rc2 29. Qg3 Qc3 30. h5 Qc7 31. Bf4 Qc3 32. Be3 Qc6 33. g6 hxg6 34. hxg6 fxg6 35. Qxg6 Kd7 36. Qf7+ Kc8 37. Bf4 Qd7 38.
Qf8+ Qd8 39. Qh6 Qg8+ 40. Bg5 Rc7 41. Kf2 Rg7 42. Bf4 Rg4 43. Ke3 b6 44. Be2 Bb7 45. Bxg4 Qxg4 46. Qf8+ Kd7 47. Qd6+ Ke8 48. Qxe6+ Kf8 49.
Qf6+ Kg8 50. Qe6+ Kf8 51. Qf6+ Kg8 52. Qe6+ Kh7 53. Qh6+ Kg8 54. Qe6+ 1/2-1/2

[Event "*** Titled Tuesday Blitz"]
[Site "Chess.com"]
[Date "2020.11.24"]
[Round "6"]
[White "MillyNeuf"]
[Black "bylavochka"]
[Result "1-0"]
[WhiteElo "2394"]
[BlackElo "2161"]
[TimeControl "180+1"]
[EndTime "11:23:22 PST"]
[Termination "MillyNeuf won on time"]

1. e4 c5 2. Nc3 d6 3. g3 Nf6 4.
Bg2 g6 5. d3 Nc6 6. f4 Bg7 7.
Nf3 Nd7 8. O-O a6 9. Be3 Nd4 10. Qd2 b5 11. Rae1 Bb7 12. Nd1 Qb6 13. c3 Nxf3+ 14.
Bxf3 h5 15. h3 Qa5 16. a3 h4 17. g4 O-O-O 18. Nf2 Kb8 19. Ra1 Qc7 20. Rac1 Qa5 21. Ra1 Qc7 22. a4 Nb6 23. axb5 axb5 24. Ra2 e5 25. f5 gxf5 26. gxf5 Bf6 27. Ng4 Rhg8 28.
Kh2 Be7 29. f6 Bf8 30. Bg5 d5 31. Qc1 dxe4 32. dxe4 Nc4 33. b3 Nd6 34. Qe3 Re8 35.
Bxh4 Qc6 36. Re1 Nf5 37. exf5 Qxf3 38. Qxf3 Bxf3 39. Bg3 Bxg4 40. hxg4 Bd6 41. Rd2 Kc7 42. Red1 Bf8 43. Rd7+ Kc6 44. Rxf7 e4 45. Rdd7 e3 46. Rb7 Rc8 47. Be1 Bh6 48. Kg2 Rxg4+ 49. Kf3 Rf4+ 50.
Ke2 Rxf5 51. Rbe7 1-0

[Event "*** Titled Tuesday Blitz"]
[Site "Chess.com"]
[Date "2020.11.24"]
[Round "6"]
[White "akanga001"]
[Black "zurzan"]
[Result "0-1"]
[WhiteElo "1941"]
[BlackElo "2079"]
[TimeControl "180+1"]
[EndTime "11:23:22 PST"]
[Termination "zurzan won on time"]

1. d4 d6 2. c4 f5 3. Nc3 Nf6 4. Bg5 Nbd7 5. g3 e6 6. Nf3 g6 7. Qd2 h6 8. Be3 Ng4 9. Qd3 Nxe3 10. Qxe3 Qe7 11. Nb5 Nf6 12. O-O-O a6 13. Nc3 Bg7 14.
Nh4 Qf7 15. Bg2 O-O 16. Kb1 g5 17. Nf3 c6 18. Nd2 Bd7 19. Na4 Rad8 20. Nb6 Be8 21.
h3 Nd7 22. Na4 b5 23. cxb5 cxb5 24. Nc3 Nb6 25. b3 a5 26. d5 Nxd5 27. Nxd5 exd5 28. Qd3 Bc6 29. Rc1 Ba8 30. Qxb5 Qf6 31. Kc2 Rc8+ 32. Kd1 Rxc1+ 33. Kxc1 Qa1+ 34. Kc2 Rc8+ 35. Nc4 Qc3+ 36. Kd1 dxc4 37. Bxa8 Qa1+ 38. Kd2 Qxa2+ 39. Ke3 Qxb3+ 40. Qxb3 cxb3 41. Bd5+ Kf8 42. f3 a4 43. Be6 Rc3+ 44. Kf2 a3 45. Rb1 b2 46. Ba2 Rc1 47. Ke3 Ke7 48. Kd2 Rc5 49. Rd1 Rb5 50. Rb1 d5 51. e3 f4 52. exf4 gxf4 53. gxf4 h5 54. Kd3 Bh6 55.
Ke3 Kd6 0-1

[Event "*** Titled Tuesday Blitz"]
[Site "Chess.com"]
[Date "2020.11.24"]
[Round "6"]
[White "bazar-wokzal"]
[Black "Andrii_Prydun"]
[Result "1-0"]
[WhiteElo "2527"]
[BlackElo "2344"]
[TimeControl "180+1"]
[EndTime "11:23:25 PST"]
[Termination "bazar-wokzal won by checkmate"]

1. e4 d5 2. exd5 Qxd5 3. Nc3 Qd6 4. Nf3 Nf6 5. d4 c6 6. g3 h5 7. Bg2 h4 8. Nxh4 Rxh4 9. gxh4 Bg4 10. Qd3 Nbd7 11. h3 Bh5 12. O-O O-O-O 13. Qg3 Qxd4 14. Be3 Qb4 15. Bxa7 e6 16. a3 Qa5 17. Be3 Ne5 18. b4 Qc7 19. Na4 Bd6 20. Bb6 Qb8 21. Qc3 Nd5 22. Bxd5 exd5 23. Bxd8 Nf3+ 24. Kg2 Bxb4 25. Qxf3 Bxf3+ 26. Kxf3 Bd2 27. Bg5 Bxg5 28. hxg5 Qe5 29.
Rfe1 Qxg5 30. Nb6+ Kc7 31. Rab1 Qg6 32. Re7+ Kd6 33.
Rd7+ Kc5 34. Na4+ Kd4 35. Rb4+ Ke5 36. Re7+ Kd6 37. Rbxb7 Qf5+ 38. Kg2 Qg5+ 39. Kf1 Qc1+ 40. Kg2 Qg5+ 41. Kf3 Qf5+ 42. Ke3 d4+ 43. Kd2 Qa5+ 44. Kd3 Qxa4 45. Rxf7 c5 46. Rbd7+ Kc6 47. Rc7+ Kd6 48. Rfd7+ Ke6 49. Rxg7 Qxa3+ 50. Ke4 Kf6 51. Rgf7+ Kg6 52. f4 Qxh3 53. f5+ Kg5 54. Rg7+ Kf6 55. Rg6# 1-0

[Event "*** Titled Tuesday Blitz"]
[Site "Chess.com"]
[Date "2020.11.24"]
[Round "6"]
[White "djano"]
[Black "AliKa2810"]
[Result "0-1"]
[WhiteElo "2463"]
[BlackElo "2595"]
[TimeControl "180+1"]
[EndTime "11:23:26 PST"]
[Termination "AliKa2810 won by checkmate"]

1. d4 d5 2. Nf3 c6 3. Bf4 Bf5 4. e3 e6 5. Nbd2 Nd7 6. Bd3 Bxd3 7. cxd3 Ne7 8. O-O Ng6 9. Bg3 Be7 10. b4 Bxb4 11.
Rb1 Bxd2 12. Qxd2 b6 13. Rfc1 Rc8 14. Bd6 Ne7 15. Qb2 Nf6 16. Qa3 Nf5 17. Be5 Qe7 18. Qa4 O-O 19. Bxf6 gxf6 20. Rc3 Qd7 21. Rbc1 Ne7 22.
g3 Rc7 23. e4 Kg7 24. e5 f5 25.
Qc2 Rfc8 26. Qd2 h6 27. Nh4 c5 28. dxc5 Rxc5 29. d4 Rc4 30. Rxc4 dxc4 31. Ng2 Nd5 32.
Ne3 b5 33. g4 Nxe3 34. fxe3 fxg4 35. Qe2 h5 36. h3 Qd5 37. hxg4 Rg8 38. Kh2 Kf8 39.
Rg1 hxg4 40. Rxg4 Rh8+ 41. Kg3 Qh1 42. Qg2 Qe1+ 43. Kf3 Qd1+ 44. Kg3 Qd3 45. Qa8+ Ke7 46. Qxh8 Qxe3+ 47. Kg2 Qe2+ 48. Kg3 Qe3+ 49. Kh4 Qf2+ 50.
Kg5 Qe3+ 51. Kh5 Qh3+ 52. Rh4 Qf5+ 53. Kh6 Qg6# 0-1

[Event "*** Titled Tuesday Blitz"]
[Site "Chess.com"]
[Date "2020.11.24"]
[Round "6"]
[White "Bacyanide"]
[Black "albi1999"]
[Result "1/2-1/2"]
[WhiteElo "2431"]
[BlackElo "2589"]
[TimeControl "180+1"]
[EndTime "11:23:26 PST"]
[Termination "Game drawn by stalemate"]

1. d4 Nf6 2. c4 e6 3. Nc3 Bb4 4. e3 O-O 5. Bd2 d5 6. Nf3 b6 7. cxd5 exd5 8. Bd3 Ba6 9. Bxa6 Nxa6 10. Qa4 Qc8 11. Qc6 Re8 12. O-O Re6 13. Qa4 Bf8 14.
Rac1 c5 15. Ne5 Qb7 16. Rfd1 Nb8 17. Be1 Nc6 18. Nxc6 Rxc6 19. dxc5 Rxc5 20. Nb5 Rac8 21. Rxc5 bxc5 22. Bc3 a6 23. Na3 Ne4 24. Be5 f6 25.
Bc3 h6 26. Qb3 Qxb3 27. axb3 d4 28. exd4 Nxc3 29. bxc3 cxd4 30. Nc4 dxc3 31. Rc1 Bb4 32. Kf1 Re8 33. Ne3 Rd8 34. Rc2 Kf7 35. Ke2 Ke6 36. Nd1 Rd2+ 37. Rxd2 cxd2 38. Ne3 Ke5 39. Nc4+ Kd4 40. Nxd2 Kc3 41. g4 a5 42. h4 Kc2 43.
Ne4 Kxb3 44. f4 a4 45. Nf2 a3 46. Nd3 a2 47. Nc1+ Kb2 48. Nxa2 Kxa2 49. Kd3 Be1 50. h5 Kb3 51. Ke4 Kc4 52. Kf5 Bg3 53. g5 Bxf4 54.
gxf6 gxf6 55. Kxf4 Kd5 56. Kf5 Kd6 57. Kxf6 Kd7 58.
Kg6 Ke8 59. Kxh6 Kf8 60. Kh7 Kf7 61. h6 Kf8 62. Kg6 Kg8 63. h7+ Kh8 64. Kh6 1/2-1/2

[Event "*** Titled Tuesday Blitz"]
[Site "Chess.com"]
[Date "2020.11.24"]
[Round "6"]
[White "andrzej"]
[Black "esrosenberg"]
[Result "1-0"]
[WhiteElo "2391"]
[BlackElo "2154"]
[TimeControl "180+1"]
[EndTime "11:23:26 PST"]
[Termination "andrzej won by checkmate"]

1. e4 c6 2. d4 d5 3. exd5 cxd5 4. Bd3 Nc6 5. c3 Qc7 6. Ne2 Bg4 7. O-O Bxe2 8. Qxe2 e6 9. Nd2 Bd6 10. g3 h5 11. h4 Nf6 12. Nf3 O-O-O 13. Bg5 Rde8 14. Rfe1 Ng4 15. Bb5 f6 16. Bxc6 bxc6 17. Bd2 e5 18.
dxe5 fxe5 19. Kg2 Rhf8 20. Qa6+ Kb8 21. Be3 Nxe3+ 22. Rxe3 Bc5 23. Re2 e4 24. Nd4 Bxd4 25. cxd4 Qb6 26. Qa4 Rf6 27. Rc1 Ref8 28. Rc3 Rf3 29.
Rb3 Rxb3 30. axb3 Rf3 31. Rc2 Kb7 32. b4 Rf6 33. Rc5 g5 34. b5 gxh4 35. bxc6+ Kc7 36. Rb5 Qxc6 37. Rc5 Qxc5 38. dxc5 hxg3 39. Qxa7+ Kd8 40. Qa8+ Ke7 41. fxg3 e3 42. Qxd5 Rf2+ 43. Kg1 e2 44. Qe4+ Kd7 45. Kxf2 e1=Q+ 46. Kxe1 Kc7 47. Qe2 Kb7 48.
Qxh5 Kc6 49. Qf5 Kb5 50. g4 Kc6 51. g5 Kb5 52. g6 Kc6 53. g7 Kb5 54. g8=Q Kc6 55.
Qgc8+ Kb5 56. Qb7+ Kc4 57. Qa6+ Kb4 58. Qe4+ Kb3 59.
Qaa4+ Kxb2 60. Qec2# 1-0

[Event "*** Titled Tuesday Blitz"]
[Site "Chess.com"]
[Date "2020.11.24"]
[Round "6"]
[White "YoungMegaMind"]
[Black "Ajedrez_con_German"]
[Result "0-1"]
[WhiteElo "2295"]
[BlackElo "2501"]
[TimeControl "180+1"]
[EndTime "11:23:28 PST"]
[Termination "Ajedrez_con_German won by checkmate"]

1. d4 d5 2. c4 c6 3. Nf3 Nf6 4. Nc3 e6 5. Bg5 Nbd7 6. cxd5 exd5 7. e3 Be7 8. Bd3 O-O 9. Qc2 h6 10. Bf4 Re8 11. h3 Nf8 12. Ne5 N6d7 13. O-O-O Nxe5 14. Bxe5 Bd6 15. Bxd6 Qxd6 16. g4 Bd7 17. h4 c5 18.
dxc5 Qxc5 19. Rdg1 d4 20. exd4 Qxd4 21. Kb1 Bc6 22.
Rh3 Rad8 23. Rhg3 Ne6 24. Rd1 Qf4 25. g5 Nd4 26. Qc1 Qxc1+ 27. Kxc1 hxg5 28. Rxg5 Nf3 29. Rg3 Ne5 30. Bc2 Rxd1+ 31. Nxd1 Kf8 32. Ne3 g6 33. h5 gxh5 34. Rh3 Ng4 35. Nxg4 hxg4 36. Rg3 Bf3 37. Kd2 Re2+ 38. Kc3 Rxf2 39. Bd3 Rg2 40. Rxg2 Bxg2 41. Kd4 g3 42. Ke3 Bd5 43. Be2 g2 44. Kf2 Ke7 45.
b3 Kd6 46. Bg4 Ke5 47. Bh3 f5 48. Kg1 f4 49. Kf2 f3 50. Bc8 b6 51. Ba6 Kd4 52.
Bb5 Kc3 53. Bd7 Kb2 54. a4 Kxb3 55. a5 bxa5 56. Bg4 a4 57. Kg1 a3 58. Kh2 a2 59.
Be6 Bxe6 60. Kg1 f2+ 61. Kh2 g1=Q# 0-1

[Event "*** Titled Tuesday Blitz"]
[Site "Chess.com"]
[Date "2020.11.24"]
[Round "6"]
[White "sjam6687"]
[Black "maximnovik"]
[Result "1-0"]
[WhiteElo "2796"]
[BlackElo "2534"]
[TimeControl "180+1"]
[EndTime "11:23:31 PST"]
[Termination "sjam6687 won on time"]

1. d4 Nf6 2. Nf3 g6 3. c4 Bg7 4.
g3 O-O 5. Bg2 d5 6. cxd5 Nxd5 7.
O-O Nc6 8. Nc3 e5 9. Nxe5 Nxe5 10. Nxd5 Nd7 11. e4 Nb6 12. Nxb6 axb6 13. Be3 c6 14.
Qd2 f5 15. e5 Be6 16. a3 Bd5 17. Bxd5+ Qxd5 18. f4 Rfd8 19. Qg2 Bf8 20. Rac1 Ra4 21.
Rc3 b5 22. Rfc1 Kf7 23. Qxd5+ Rxd5 24. Kf2 Ke6 25. Ke2 Be7 26. h3 Bd8 27. g4 Bb6 28.
Rxc6+ bxc6 29. Rxc6+ Kd7 30. Rxb6 Rc4 31. Kd3 Rc6 32.
Rb7+ Rc7 33. Rb8 Rc8 34. Rb6 Rc6 35. Rb7+ Rc7 36. Rxc7+ Kxc7 37. Kc3 Kd7 38. g5 Kc6 39.
Kb4 Rd7 40. b3 Rb7 41. h4 Kd5 42. Bf2 Rb8 43. Be3 Ke4 44. Bf2 Kxf4 45. Kc5 Kf3 46. Bg1 f4 47. d5 Kg2 48. Bd4 Rc8+ 49. Kd6 Kf3 50. e6 Ke4 51. Bb6 Rb8 52. Kc7 Ra8 53.
d6 Kd5 54. e7 Ke6 55. Bc5 f3 56. d7 Ra7+ 57. Bxa7 1-0

[Event "*** Titled Tuesday Blitz"]
[Site "Chess.com"]
[Date "2020.11.24"]
[Round "6"]
[White "TheCairnTerrier"]
[Black "shriyanasmallya"]
[Result "1-0"]
[WhiteElo "2163"]
[BlackElo "1676"]
[TimeControl "180+1"]
[EndTime "11:23:31 PST"]
[Termination "TheCairnTerrier won by checkmate"]

1. e4 e5 2. Nf3 Nc6 3. Bc4 Bc5 4. c3 Nf6 5. d3 d6 6. O-O h6 7. d4 exd4 8. cxd4 Bb6 9. e5 dxe5 10. dxe5 Nd7 11. e6 fxe6 12. Bxe6 Nf6 13. Qe2 Ne7 14. Rd1 Qxd1+ 15. Qxd1 Bxe6 16. Qe2 Bf7 17. Nc3 Rd8 18. Bf4 Rd7 19. Ne5 Rd8 20. Nxf7 Kxf7 21. Re1 Rhe8 22.
Qe6+ Kf8 23. Bxh6 Neg8 24. Qxe8+ Rxe8 25. Rxe8+ Nxe8 26. Bf4 Ngf6 27. Kf1 Nd6 28. f3 Nc4 29. b3 Ne3+ 30. Bxe3 Bxe3 31. Ke2 Bd4 32. Nb5 Bb6 33.
Kd3 Ke7 34. g4 a6 35. Nc3 Kd6 36. h3 Nd5 37. Ne2 Nb4+ 38. Ke4 Nxa2 39. Kf5 Ke7 40. Kg6 Kf8 41. h4 Nb4 42. h5 Nd3 43. f4 Nc5 44. g5 Nxb3 45. h6 gxh6 46. gxh6 Kg8 47. Ng3 Kh8 48. Ne4 Bd4 49. h7 Nc1 50. Ng5 Ne2 51. Nf7# 1-0

[Event "*** Titled Tuesday Blitz"]
[Site "Chess.com"]
[Date "2020.11.24"]
[Round "6"]
[White "hansen"]
[Black "Sviridov_Valery"]
[Result "1-0"]
[WhiteElo "2943"]
[BlackElo "2824"]
[TimeControl "180+1"]
[EndTime "11:23:32 PST"]
[Termination "hansen won on time"]

1. e4 Nf6 2. e5 Nd5 3. c4 Nb6 4. d4 d6 5. exd6 exd6 6. Nc3 Be7 7. Bd3 Nc6 8. Nge2 O-O 9. O-O Bf6 10. Be3 Re8 11. h3 d5 12. c5 Nc4 13. Bxc4 dxc4 14. Qa4 Be6 15. Rad1 Ne7 16. Nf4 Qd7 17. Qb4 Nd5 18.
Qxb7 Reb8 19. Qa6 Rxb2 20. Nfxd5 Bxd5 21. Nxd5 Qxd5 22. Rc1 c3 23. Rxc3 Rxa2 24. Ra3 Rxa3 25. Qxa3 a5 26. Qa4 g6 27. Rb1 Kg7 28. c6 Ra6 29.
Rc1 Rb6 30. Rc5 Rb1+ 31. Kh2 Qd6+ 32. g3 Qe6 33. Qc2 Ra1 34. d5 Qd6 35. Kg2 h5 36. h4 a4 37. Ra5 a3 38. Qd3 Ra2 39.
Ra7 Ra1 40. Qe4 Rd1 41. Ra4 Qxd5 42. Qxd5 Rxd5 43. Rxa3 Rd6 44. Ra6 Be5 45. Kf3 Re6 46. Bc5 Rf6+ 47. Ke2 Re6 48. Kd3 Kf6 49. Kc4 Kf5 50.
Kb5 Ke4 51. Ra4+ Kf3 52. Ra3+ Kg4 53. Rd3 Rf6 54. Rd7 Kf3 55. Kc4 Re6 56. Kd5 Kg2 57. Rxf7 Re8 58. Rf8 1-0

[Event "*** Titled Tuesday Blitz"]
[Site "Chess.com"]
[Date "2020.11.24"]
[Round "6"]
[White "Fh2411"]
[Black "pheonixking2000"]
[Result "1-0"]
[WhiteElo "2565"]
[BlackElo "2789"]
[TimeControl "180+1"]
[EndTime "11:23:32 PST"]
[Termination "Fh2411 won by resignation"]

1. d4 Nf6 2. Nf3 d5 3. Bf4 c5 4.
e3 Nc6 5. Nbd2 Nh5 6. dxc5 Nxf4 7.
exf4 g6 8. c3 a5 9. a4 Bh6 10.
g3 O-O 11. Bg2 b6 12. cxb6 Ba6 13. Bf1 Qxb6 14. Bxa6 Rxa6 15. Qb3 Rb8 16. Qxb6 Raxb6 17. b3 d4 18. c4 Bg7 19. O-O Nb4 20. Rad1 e6 21.
Rfe1 Na2 22. Kg2 Nc3 23. Rc1 h6 24. Rc2 f5 25. Ne5 Rd8 26. Kf3 Ra6 27. h4 Bf8 28. Nxg6 Bb4 29. Rg1 d3 30. Rb2 Kf7 31. Ne5+ Kf6 32.
Rc1 h5 33. c5 Nd5 34. c6 Ba3 35. Rbb1 Bxc1 36. Rxc1 Rc8 37. Rc5 Ke7 38. Ndc4 Nb4 39. Nxa5 Kd6 40. Nb7+ Kc7 41. Ke3 Kb6 42. Nxd3 Nxd3 43.
Kxd3 Rxc6 44. Rb5+ Kc7 45. Nc5 Rab6 46. Kc4 Rxb5 47. Kxb5 Rd6 48. Kc4 Kb6 49. b4 Rd2 50.
a5+ Kc7 51. Nxe6+ Kb8 52. Ng7 Rxf2 53. Nxf5 Kc7 54. b5 Kd7 55. a6 Ra2 56. Kc5 Re2 57. a7 Ra2 58. b6 Ra5+ 59. Kb4 Ra1 60. Kb5 Rb1+ 61. Ka6 1-0

[Event "*** Titled Tuesday Blitz"]
[Site "Chess.com"]
[Date "2020.11.24"]
[Round "6"]
[White "Gusarov91"]
[Black "GM_dmitrij"]
[Result "1/2-1/2"]
[WhiteElo "2673"]
[BlackElo "2879"]
[TimeControl "180+1"]
[EndTime "11:23:34 PST"]
[Termination "Game drawn - insufficient material"]

1. d4 Nf6 2. Nf3 g6 3. c4 Bg7 4.
g3 O-O 5. Bg2 d5 6. cxd5 Nxd5 7.
O-O Nc6 8. Nc3 e5 9. Nxd5 e4 10. e3 Qxd5 11. Nd2 f5 12. Qb3 Be6 13. Qxd5 Bxd5 14.
a3 Ne7 15. b4 a5 16. b5 a4 17. Rb1 Nc8 18. Bb2 Rf7 19. Bc3 Nd6 20. Rfc1 Bf8 21. Bf1 g5 22. Bb4 Rd8 23. Nc4 Nxc4 24. Bxc4 Bh6 25. Bd2 f4 26. Rb4 c6 27. bxc6 bxc6 28. Bxd5 cxd5 29. Rxa4 f3 30. Bb4 Rb7 31. Ra6 Bf8 32.
Bxf8 Kxf8 33. g4 Rdb8 34. h3 Rb1 35. Rc6 R8b2 36. Rc5 Rxc1+ 37. Rxc1 Ra2 38. Rc5 Ra1+ 39. Kh2 Rf1 40. Rc2 Ra1 41. Kg3 Ke7 42. h4 Rg1+ 43. Kh2 Rg2+ 44. Kh3 h6 45. a4 Rg1 46. Ra2 Kd6 47.
hxg5 hxg5 48. a5 Kc7 49. a6 Kb8 50. a7+ Ka8 51. Ra5 Rh1+ 52. Kg3 Rg1+ 53. Kh2 Rg2+ 54.
Kh3 Rxf2 55. Rxd5 Re2 56. Rxg5 Rxe3 57. Rf5 Re1 58. g5 e3 59. Rxf3 e2 60. Re3 Rh1+ 61. Kg4 e1=Q 62. Rxe1 Rxe1 63. g6 Kxa7 64. Kg5 Kb7 65.
g7 Kc6 66. Kh6 Rg1 67. Kh7 Kd5 68. g8=Q+ Rxg8 69. Kxg8 Kxd4 1/2-1/2

[Event "*** Titled Tuesday Blitz"]
[Site "Chess.com"]
[Date "2020.11.24"]
[Round "6"]
[White "ZEN-22"]
[Black "Ermito2020"]
[Result "0-1"]
[WhiteElo "2439"]
[BlackElo "2622"]
[TimeControl "180+1"]
[EndTime "11:23:35 PST"]
[Termination "Ermito2020 won by checkmate"]

1. e3 Nf6 2. Ne2 g6 3. h4 h5 4. d4 Bg7 5. Nf4 d6 6. Bc4 e6 7. Nc3 Qe7 8. e4 Nc6 9. f3 a6 10. a3 b5 11. Ba2 Bb7 12. d5 Nd8 13. dxe6 Nxe6 14. Bxe6 fxe6 15. Nxg6 Qf7 16. Nxh8 Bxh8 17. e5 Nd5 18. Nxd5 Bxd5 19. exd6 O-O-O 20. Bg5 Rxd6 21. c3 Bc4 22. Qc2 Be5 23. Kf2 Bd3 24. Qc1 Rd5 25.
Rd1 Bd6 26. Kg1 Qf5 27. Kh1 Qe5 28. f4 Qf5 29. Qe3 e5 30. fxe5 Rxe5 31. Qh3 Qxh3+ 32. gxh3 Be4+ 33. Kg1 Bc5+ 34. Kh2 Rf5 35. Rd8+ Kb7 36. Re1 Rf2+ 37. Kg3 Rf3+ 38. Kh2 Bc6 39. Rd2 Bd6+ 40. Rxd6 cxd6 41. Re7+ Kb6 42. Be3+ Ka5 43. Bd4 Rd3 44. Ra7 Be4 45. b3 d5 46. Bc5 Rxc3 47. b4+ Ka4 48. Rxa6+ Kb3 49. Rf6 Kc4 50. Rf2 d4 51. Rf4 Re3 52.
Rf5 Re2+ 53. Rf2 Rxf2+ 54. Kg3 Rg2+ 55. Kf4 Re2 56. Ke5 d3 57. Be3 Rxe3 58. Kf4 Re2 59. Kg3 d2 60. Kf4 d1=Q 61. Kg5 Qd2+ 62. Kf6 Bf3 63. Kf5 Qd6 64. Kg5 Re5+ 65. Kf4 Rd5+ 66.
Kxf3 Qf6+ 67. Ke4 Qf5+ 68. Ke3 Rd3+ 69. Ke2 Qf3+ 70. Ke1 Rd1# 0-1

[Event "*** Titled Tuesday Blitz"]
[Site "Chess.com"]
[Date "2020.11.24"]
[Round "6"]
[White "kot60"]
[Black "EvgenyRomanov"]
[Result "0-1"]
[WhiteElo "2462"]
[BlackElo "2592"]
[TimeControl "180+1"]
[EndTime "11:23:36 PST"]
[Termination "EvgenyRomanov won on time"]

1. e4 c5 2. Nc3 Nc6 3. Bc4 e6 4.
d3 Nge7 5. Nge2 g6 6. Bg5 Bg7 7. O-O h6 8. Bh4 g5 9. Bg3 d5 10. Bb3 a6 11. a4 d4 12. Nb1 h5 13. h3 f5 14. f4 h4 15. Be1 g4 16. Nd2 Bd7 17. Nc4 Qc7 18. Kh1 gxh3 19. gxh3 fxe4 20. dxe4 O-O-O 21. a5 Kb8 22. Ng1 Nb4 23. Ba4 Bxa4 24.
Rxa4 Qc6 25. Bxb4 Qxa4 26. Bxc5 Ng6 27. b3 Qc6 28. Bb4 Qxe4+ 29. Qf3 Qxf3+ 30. Rxf3 Kc7 31. Bc5 Kc6 32. Bb6 Rdf8 33. Ne2 e5 34. f5 Ne7 35.
f6 Bxf6 36. c3 Kd5 37. cxd4 exd4 38. Nf4+ Kc6 39. Ne6 Rf7 40. Nxd4+ Kd5 41. Ne3+ Ke4 42. Nec2 Rhf8 43. Re3+ Kd5 44. Nb4+ Kd6 45. Re6+ Kd7 46. Rxf6 Rxf6 47. Ne2 Rf1+ 48. Kg2 Nc6 49. Nd5 Re1 50.
Nef4 Rf5 51. Kf3 Kd6 52. Kg4 Rxd5 53. Bc7+ Kxc7 54. Nxd5+ Kd6 55. Nf4 Rb1 56. Kxh4 Rxb3 57. Kg5 Rb5+ 58. Kg6 Nxa5 59. h4 Rb4 60. Nd3 Rxh4 0-1

[Event "*** Titled Tuesday Blitz"]
[Site "Chess.com"]
[Date "2020.11.24"]
[Round "6"]
[White "AryanTari"]
[Black "temus_galaktionov"]
[Result "1-0"]
[WhiteElo "2901"]
[BlackElo "2685"]
[TimeControl "180+1"]
[EndTime "11:23:37 PST"]
[Termination "AryanTari won on time"]

1. Nf3 c6 2. b3 g6 3. Bb2 Nf6 4. e4 Bg7 5. e5 Nd5 6. d4 d6 7. Be2 O-O 8. O-O Nf4 9. h3 Bf5 10. Re1 Nxe2+ 11. Qxe2 Na6 12. a3 Nc7 13. c4 dxe5 14.
Nxe5 Ne6 15. Qe3 Qb6 16. Nd7 Bxd4 17. Nxb6 Bxe3 18. Nxa8 Bf4 19. Nc3 Rxa8 20. Ne2 Kf8 21. b4 Bd6 22. Nd4 Nxd4 23. Bxd4 Be6 24. c5 Bc7 25.
Rad1 Bd5 26. Bc3 f6 27. b5 Kf7 28. a4 Rd8 29. f3 e5 30. Kf2 Ke6 31. f4 e4 32. Ke3 f5 33. g4 Rf8 34. g5 Bb3 35. Ra1 Rd8 36. Bd4 Bxf4+ 37. Kxf4 Rxd4 38. a5 cxb5 39.
a6 Rd3 40. Re3 bxa6 41. Rxa6+ Kd5 42. c6 Rxe3 43. Kxe3 Kd6 44. Rxa7 Kxc6 45. Rxh7 Kd5 46. Rg7 Ke5 47. Rxg6 f4+ 48. Kf2 e3+ 49. Ke2 Bc4+ 50. Kf3 Bd5+ 51. Ke2 Kd4 52. Rf6 f3+ 53. Kf1 Bc4+ 54.
Kg1 f2+ 55. Kg2 f1=Q+ 56. Rxf1 Bxf1+ 57. Kxf1 Ke5 58. Ke2 1-0

[Event "*** Titled Tuesday Blitz"]
[Site "Chess.com"]
[Date "2020.11.24"]
[Round "6"]
[White "szachuspl"]
[Black "Cambek64"]
[Result "1-0"]
[WhiteElo "2503"]
[BlackElo "2297"]
[TimeControl "180+1"]
[EndTime "11:23:38 PST"]
[Termination "szachuspl won on time"]

1. d4 d6 2. Nf3 Nf6 3. c4 g6 4. Nc3 Bg7 5. e4 O-O 6. Be2 Bg4 7. O-O Nfd7 8. h3 Bxf3 9. Bxf3 Nc6 10. Be3 e5 11. Ne2 exd4 12. Nxd4 Nxd4 13. Bxd4 Bxd4 14. Qxd4 Qf6 15. Qd2 Rfe8 16. Rfe1 a5 17. Rad1 Nc5 18. b3 Re5 19. Re3 b6 20. Rde1 Rae8 21. g3 h5 22. h4 Kg7 23. Bg2 R5e7 24. f3 Kg8 25. Rd1 Qe6 26. Kh2 f5 27. Rde1 fxe4 28. fxe4 Qe5 29. R3e2 Rf8 30. Qh6 Qg7 31. Qxg7+ Kxg7 32. e5 Rfe8 33. Bc6 Rd8 34. exd6 Rxe2+ 35. Rxe2 Rxd6 36. Re7+ Kf6 37. Rxc7 Rd2+ 38. Kg1 Rxa2 39. Bd5 Nxb3 40. Rc6+ Kf5 41. Rxb6 Nd4 42. Bf7 Nf3+ 43. Kf1 Ne5 44. Be6+ Ke4 45. Bd5+ Kd4 46. Bg8 a4 47. Rd6+ Ke3 48.
Re6 Kf3 49. Rxe5 a3 50. c5 Rf2+ 51. Ke1 a2 52. Bd5+ Kxg3 53. Re3+ Kxh4 54. Ra3 Rc2 55.
c6 g5 56. Rxa2 Rc5 57. Rd2 g4 58. Be4 Kg5 59. Rc2 Re5 60. Rc4 1-0

[Event "*** Titled Tuesday Blitz"]
[Site "Chess.com"]
[Date "2020.11.24"]
[Round "6"]
[White "oykuince"]
[Black "kinga2008"]
[Result "0-1"]
[WhiteElo "1960"]
[BlackElo "2179"]
[TimeControl "180+1"]
[EndTime "11:23:42 PST"]
[Termination "kinga2008 won on time"]

1. e4 c6 2. d4 d5 3. Nc3 Nf6 4.
e5 Ne4 5. Nxe4 dxe4 6. c3 c5 7. Bb5+ Bd7 8. Bxd7+ Nxd7 9. Ne2 e6 10. Ng3 cxd4 11. cxd4 Bb4+ 12. Bd2 Qb6 13. Bxb4 Qxb4+ 14. Qd2 Qxd2+ 15. Kxd2 O-O-O 16. Ke3 Nb6 17. Nxe4 Nc4+ 18. Kf3 Rxd4 19. Rac1 Kb8 20. Rcd1 Nxe5+ 21. Kf4 Nd3+ 22. Ke3 Rhd8 23. Nc5 e5 24. Rxd3 f5 25. Rxd4 Rxd4 26.
Ne6 Re4+ 27. Kd3 g6 28. Ng5 Rg4 29. Nxh7 Rxg2 30. Ke2 Rg4 31. Nf6 Rc4 32. Rd1 Kc7 33. Nd5+ Kc6 34. Ne7+ Kb5 35. Nxg6 Rc2+ 36. Rd2 Rc4 37.
Nxe5 Re4+ 38. Kf3 Rxe5 39. Kf4 Rc5 40. a3 Ka4 41. f3 Kb3 42. h4 Rc4+ 43. Kg5 f4 44. h5 Rc5+ 45. Kg6 b5 46. h6 Rc6+ 47. Kg5 Rc5+ 48. Kxf4 Rh5 49. Rd6 Kxb2 50. Kg4 Rh1 51. Rd5 a6 52. Rh5 Rg1+ 53. Kf4 Rg8 54. h7 Rh8 55.
Kg5 Kxa3 56. Kg6 b4 57. Kg7 Rxh7+ 0-1

[Event "*** Titled Tuesday Blitz"]
[Site "Chess.com"]
[Date "2020.11.24"]
[Round "6"]
[White "Brave_spirit12"]
[Black "oskariot"]
[Result "1-0"]
[WhiteElo "2508"]
[BlackElo "2627"]
[TimeControl "180+1"]
[EndTime "11:23:43 PST"]
[Termination "Brave_spirit12 won by resignation"]

1. e4 c5 2. c3 Nc6 3. d4 cxd4 4. cxd4 d5 5. exd5 Qxd5 6. Nf3 e6 7. Be2 Bb4+ 8. Nc3 Nf6 9. O-O Bxc3 10. bxc3 O-O 11. c4 Qd7 12. Bf4 b6 13. Ne5 Nxe5 14. dxe5 Qxd1 15. Rfxd1 Nd7 16. a4 Nc5 17. a5 Nb3 18.
axb6 Nxa1 19. Rxa1 Bb7 20. bxa7 Rfc8 21. Be3 Rc7 22.
Rb1 f6 23. f4 Kf7 24. Kf2 h6 25. h4 f5 26. h5 g6 27. hxg6+ Kxg6 28. Bb6 Rd7 29. Be3 Be4 30. Rb6 Kf7 31. Rb8 Raxa7 32. Bxa7 Rxa7 33. Rc8 Ra2 34. Ke3 Bxg2 35. Bh5+ Ke7 36.
Kd4 Rf2 37. Ke3 Rc2 38. Kd4 Bf1 39. c5 Kd7 40. Rh8 Rc4+ 41. Ke3 Rxc5 42. Rh7+ Kc6 43. Be8+ Kb6 44. Rxh6 Bc4 45. Bf7 Rc6 46. Kd4 Bd5 47. Rf6 Rc4+ 48. Ke3 Rc6 49. Kd4 Ka5 50. Rxf5 Rc4+ 51.
Ke3 exf5 52. Bxd5 Rb4 53. e6 Kb6 54. e7 Rb1 55. Bc4 Re1+ 56. Be2 Rc1 57. e8=Q Rc3+ 58.
Kf2 Kc5 59. Qe5+ Kb4 60. Qxc3+ Kxc3 61. Ke3 1-0